 Dungeon Crawl Stone Soup version 0.24.0-125-gc4c63601f3 (webtiles) character file.

Game seed: 14208071005203073144, levelgen mode: deterministic

21 Esekla the Slasher (level 2, -4/29 HPs)
             Began as a Gnoll Chaos Knight on Feb 21, 2020.
             Was a Plaything of Xom.
             Slain by Sigmund
             ... wielding a +0 scythe
              (7 damage)
             ... on level 5 of the Dungeon.
             The game lasted 00:07:15 (723 turns).

Esekla the Slasher (Gnoll Chaos Knight)              Turns: 723, Time: 00:07:16

Health: -4/29      AC:  5    Str: 14    XL:     2   Next: 83%
Magic:  2/2        EV: 12    Int: 14    God:    Xom [.*....]
Gold:   13         SH:  0    Dex: 14    Spells: 2/2 levels left

rFire    . . .     SeeInvis .   a - +0 falchion (chaos)
rCold    . . .     Gourm    .   (no shield)
rNeg     . . .     Faith    .   b - +2 leather armour
rPois    .         Spirit   .   (no helmet)
rElec    .         Reflect  .   (no cloak)
rCorr    .         Harm     .   (no gloves)
MR       .....                  (no boots)
Stlth    +.........             (no amulet)
HPRegen  0.09/turn              (no ring)
MPRegen  0.08/turn              (no ring)

@: cleaving
A: distributed training, fangs 1, strong nose
a: Renounce Religion


You were on level 5 of the Dungeon.
You worshipped Xom.
You were a plaything of Xom.
You were not hungry.

You visited 1 branch of the dungeon, and saw 5 of its levels.

You collected 52 gold pieces.
You spent 39 gold pieces at shops.

Inventory:

Hand Weapons
 a - a +0 falchion of chaos (weapon)
Armour
 b - a +2 leather armour (worn)
Wands
 g - a wand of random effects (10)
Scrolls
 e - a scroll of teleportation
 f - a scroll of random uselessness {unknown}
Comestibles
 c - 3 rations


   Skills:
 + Level 6.5 Fighting
 + Level 0.5 Short Blades
 + Level 6.5 Long Blades
 + Level 0.5 Axes
 + Level 0.5 Maces & Flails
 + Level 0.5 Polearms
 + Level 0.5 Staves
 + Level 0.5 Slings
 + Level 0.5 Bows
 + Level 0.5 Crossbows
 + Level 0.5 Throwing
 + Level 4.5 Armour
 + Level 2.5 Dodging
 + Level 0.5 Stealth
 + Level 0.5 Shields
 + Level 0.5 Unarmed Combat
 + Level 0.5 Spellcasting
 + Level 0.3 Conjurations
 + Level 0.3 Hexes
 + Level 0.3 Charms
 + Level 0.3 Summonings
 + Level 0.3 Necromancy
 + Level 0.3 Translocations
 + Level 0.3 Transmutations
 + Level 0.3 Fire Magic
 + Level 0.3 Ice Magic
 + Level 0.3 Air Magic
 + Level 0.3 Earth Magic
 + Level 0.3 Poison Magic
 + Level 0.6 Invocations
 + Level 0.5 Evocations


You had 2 spell levels left.
You didn't know any spells.
Your spell library was empty.

Dungeon Overview and Level Annotations

Branches:
Dungeon (5/15)
 Temple: D:4-7

Altars:

Shops:
D:4 !

Annotations:
D:5 Edmund, Sigmund


Innate Abilities, Weirdness & Mutations

Your experience applies equally to all skills.
You have very sharp teeth.
Your uncanny sense of smell can sniff out nearby items.


Message History

You hit Sigmund but do no damage.
Okay, then.
You're too confused!
You feel better. Sigmund closely misses you.
You hit Sigmund. You freeze Sigmund.
Sigmund is lightly wounded.
Sigmund hits you with a +0 scythe.
* * * LOW HITPOINT WARNING * * *
You hit Sigmund.
Sigmund is moderately wounded.
You hit Sigmund but do no damage.
Sigmund is moderately wounded.
Sigmund casts a spell at you. The puff of flame hits you.
* * * LOW HITPOINT WARNING * * *
You hit Sigmund but do no damage. Your bite misses Sigmund.
Sigmund is moderately wounded.
Sigmund hits you with a +0 scythe!
You die...
Xom guffaws!

###################
..................##
#####..#########..#
[...............#..#
#.....@.....#...#..#
c
.........#[##.###..#
..######.###..#PP..#
p #≈....@@..#PP..###
#≈.....#..#......# Z
##############...##.#
.................#
.>. ###....##......##
...# Z####.#######.#
.... #.# #..# #.Z
#.########.###
.####.....<...>...


You could see Sigmund.

Vanquished Creatures
  An adder (D:2)
  2 bats
  2 goblins (D:1)
  3 hobgoblins (D:2)
  A kobold (D:3)
  A quokka (D:2)
10 creatures vanquished.

Vanquished Creatures (others)
  A bullfrog skeleton (D:4)
  A worker ant (D:4)
2 creatures vanquished.

Grand Total: 12 creatures vanquished

Notes
Turn   | Place    | Note
-------+----------+-------------------------------------------
     0 | D:1      | Esekla the Gnoll Chaos Knight began the quest for the Orb.
     0 | D:1      | Reached XP level 1. HP: 23/23 MP: 1/1
    87 | D:1      | You fall into a shaft and drop 1 floor!
   128 | D:2      | Reached XP level 2. HP: 28/29 MP: 2/2
   187 | D:2      | XOM: harmless Hex miscast
   215 | D:3      | HP: 1/29 [poisoned by an adder]
   379 | D:3      | XOM: silly message
   540 | D:4      | Noticed a scorpion
   616 | D:4      | Found Liref's Distillery.
   618 | D:4      | Noticed an ogre
   622 | D:4      | Bought a potion of curing for 39 gold pieces
   642 | D:4      | XOM: summons 2 friendly demons
   647 | D:5      | Entered Level 5 of the Dungeon
   686 | D:5      | Noticed Edmund
   686 | D:5      | XOM: noise
   693 | D:5      | XOM: divination: detect creatures
   707 | D:5      | Noticed Sigmund
   714 | D:5      | XOM: cleaving
   717 | D:5      | Xom revived you
   723 | D:5      | Slain by Sigmund

Levels and vault maps discovered:
D:1:      minmay_arrival_nine_rooms, layout_rooms, chequers_big_river
D:2:      layout_basic, roderic_serpentine_path
D:3:      layout_loops_corners, uniq_jessica
D:4:      layout_basic, kennysheep_ying_yang,
          minmay_temple_entry_drinking_statues, serial_shops, shop,
          xom_confusion_cloud
D:5:      layout_rooms, old_standard_altar, kennysheep_mini_moat,
          old_standard_altar, serial_shops, kennysheep_mini, first_ration,
          sigmund_edmund_badplayer, uniq_menkaure

Action                   || total
-------------------------++-------
Melee: Falchion          ||    46
       Bite              ||     6
Evoke: Wand              ||     4
  Use: Scroll            ||     2
       Potion            ||     1
 Stab: Confused          ||     5
       Sleeping          ||     1
Armor: Leather armour    ||     8
Dodge: Dodged            ||    25
       Rpst.: Falchion   ||     9
